 Dungeon Crawl Stone Soup version 0.22-a0-348-gd16d139 (webtiles) character file.

98 Auros the Cudgeler (level 4, -10/40 HPs)
             Began as a Minotaur Fighter on Apr 11, 2018.
             Killed by divine providence
             ... invoked by an orc priest
              (16 damage)
             ... on level 3 of the Dungeon.
             The game lasted 00:04:42 (2081 turns).

Auros the Cudgeler (Minotaur Fighter)               Turns: 2081, Time: 00:04:43

Health: -10/40     AC:  9    Str: 20    XL:     4   Next: 44%
Magic:  3/3        EV:  6    Int:  5    God:
Gold:   148        SH:  9    Dex: 11    Spells: 3/3 levels left

rFire    . . .     SeeInvis +   a - +0 flail
rCold    . . .     Gourm    .   c - +0 shield
rNeg     . . .     Faith    .   q - +0 chain mail
rPois    .         Spirit   .   (helmet restricted)
rElec    .         Reflect  .   (no cloak)
rCorr    +         Harm     .   (no gloves)
MR       .....                  (no boots)
Stlth    ..........             (no amulet)
HPRegen  0.13/turn              e - ring of see invisible
MPRegen  0.08/turn              u - ring of resist corrosion

@: no status effects
A: retaliatory headbutt, horns 2
a: no special abilities


You were on level 3 of the Dungeon.
You were not hungry.

You visited 1 branch of the dungeon, and saw 3 of its levels.

You collected 148 gold pieces.

Inventory:

Hand Weapons
 a - a +0 flail (weapon)
Missiles
 p - 15 arrows
 r - 45 sling bullets
 s - 17 poisoned needles
 t - 3 poisoned javelins (quivered)
Armour
 b - a +0 scale mail
 c - a +0 shield (worn)
 q - a +0 chain mail (worn)
Jewellery
 e - a ring of see invisible (left hand)
 u - a ring of resist corrosion (right hand)
 v - an uncursed amulet of regeneration {unknown}
Wands
 j - a wand of random effects (38)
Scrolls
 g - a scroll of teleportation
 o - 2 scrolls of remove curse
 w - 2 scrolls of identify
Potions
 d - 2 potions of might
 h - a potion of brilliance {unknown}
 i - a potion of magic {unknown}
 k - a potion of curing {unknown}
 l - a potion of flight {unknown}
 m - 4 potions of heal wounds
 n - 2 potions of degeneration {unknown}
Comestibles
 f - 6 rations
 x - 3 chunks of flesh


   Skills:
 - Level 3.9 Fighting
 * Level 4.5 Maces & Flails
 - Level 3.8 Armour
 + Level 2.1 Dodging
 - Level 3.8 Shields


You had 3 spell levels left.
You didn't know any spells.

Dungeon Overview and Level Annotations

Branches:
Dungeon (3/15)

Altars:


Innate Abilities, Weirdness & Mutations

You reflexively headbutt those who attack you in melee.
You have a pair of horns on your head.


Message History

You are too injured to fight recklessly!
You are too injured to fight recklessly!
You are too injured to fight recklessly!
You are too injured to fight recklessly!
You are too injured to fight recklessly!
You are too injured to fight recklessly!
You are too injured to fight recklessly!
You are too injured to fight recklessly!
You are too injured to fight recklessly!
You are too injured to fight recklessly!
You block the orc's attack.
The orc priest miscasts a cantrip.
The orc priest mumbles some strange prayers to Beogh against you.
Beogh smites you!
* * * LOW HITPOINT WARNING * * *
There is a stone staircase leading down here.
You block the orc's attack.
The orc priest calls down the wrath of Beogh upon you.
Beogh smites you!
You die...

#....# ... #+##+####....# ....
#............# .....
#............#......
#...................
#...................
#...................
#......K............
#######@ooo............
########.......####..........#
#..........###.# ######.....#
#..........# #.# .....#
#..........# #.# ...
#..........# #.# #..........#
#.# ########'#####.# #.#...#.#


You could see 2 orc priests, an orc and a kobold.

Vanquished Creatures
  An adder (D:2)
  An ooze (D:2)
  2 worms (D:2)
  3 dart slugs (D:1)
  3 leopard geckos
  2 ball pythons
  17 giant cockroaches
  6 goblins
  3 hobgoblins (D:1)
  2 jackals (D:1)
  6 kobolds
  2 quokkas (D:2)
  4 bats
  3 frilled lizards
  8 rats
63 creatures vanquished.

Notes
Turn   | Place    | Note
-------+----------+-------------------------------------------
     0 | D:1      | Auros the Minotaur Fighter began the quest for the Orb.
     0 | D:1      | Reached XP level 1. HP: 19/19 MP: 0/0
   358 | D:1      | Reached XP level 2. HP: 27/27 MP: 1/1
   730 | D:1      | Reached skill level 3 in Maces & Flails
   742 | D:1      | Reached skill level 1 in Dodging
   770 | D:1      | Reached XP level 3. HP: 20/33 MP: 2/2
  1482 | D:2      | Reached skill level 4 in Maces & Flails
  1494 | D:2      | Reached XP level 4. HP: 39/40 MP: 3/3
  2081 | D:3      | Killed from afar by an orc priest

Vault maps used:
D:1:      lightli_arrival_flooded_house, serial_glass, glass_columns_a,
          glass_columns_a
D:2:      minmay_roachtagon
D:3:      grunt_gozag_breadcrumbs

Skill      XL: |  1  2  3  4 |
---------------+-------------+-----
Maces & Flails | 3 4 |  4.5
Dodging        | 1 2 |  2.1
Fighting       | |  3.9
Armour         | |  3.8
Shields        | |  3.8

Action                   |  1- 3 |  4- 6 || total
-------------------------+-------+-------++-------
Melee: Flail             |   111 |    40 ||   151
       Headbutt          |    15 |     7 ||    22
  Use: Scroll            |     3 |     1 ||     4
  Eat: Chunk             |     2 |     2 ||     4
Armor: Scale mail        |    43 |       ||    43
       Chain mail        |    32 |    19 ||    51
Dodge: Dodged            |    56 |     8 ||    64
Block: Shield            |    68 |    14 ||    82

Table legend:
 A = Spawn XP
 B = Non-spawn XP
 C = Spawn XP percentage of total XP
 D = Spawn monster count
 E = Non-spawn monster count
 F = Spawn count percentage of total count
 G = Total turns spent on level
                    A         B        C        D         E        F      G
               +---------+---------+-------+---------+---------+-------+---------
         Total |       0 |     141 |   0.0 |       0 |      63 |   0.0 |  2081
               +---------+---------+-------+---------+---------+-------+---------
           D:1 |       0 |      56 |   0.0 |       0 |      28 |   0.0 |  1283
           D:2 |       0 |      80 |   0.0 |       0 |      31 |   0.0 |   600
           D:3 |       0 |       5 |   0.0 |       0 |       4 |   0.0 |   198
               +---------+---------+-------+---------+---------+-------+---------
